 Dungeon Crawl Stone Soup version 0.28-a0-1356-g2ad6d04315 (webtiles) character file.

Game seed: 7506789991709280284

280 Shayle the Covert (level 6, -3/78 HPs)
             Began as a Naga Warper on Dec 30, 2021.
             Slain by an orc (4 damage)
             ... on level 4 of the Dungeon.
             The game lasted 00:08:35 (3970 turns).

Shayle the Covert (Naga Warper)                     Turns: 3970, Time: 00:08:36

Health: -3/78      AC:  3    Str: 13    XL:     6   Next: 27%
Magic:  9/9        EV:  9    Int: 13    God:
Gold:   110        SH:  0    Dex: 13    Spells: 4/9 levels left

rFire   . . .      SeeInvis +   a - +0 short sword
rCold   . . .      Faith    .   (no shield)
rNeg    . . .      Spirit   .   b - +0 leather armour
rPois   +          Reflect  .   (no helmet)
rElec   .          Harm     .   (no cloak)
rCorr   .          Rampage  .   (no gloves)
Will    .....                   (no barding)
Stlth   ..........              (no amulet)
HPRegen 0.23/turn               (no ring)
MPRegen 0.11/turn               (no ring)

@: berserking (expiring), quick
A: AC +2, large, see invisible, deformed body, poison resistance, slowness 2,
spit poison 1, naga tail 1
a: Spit Poison


You were on level 4 of the Dungeon.
You visited 1 branch of the dungeon, and saw 4 of its levels.

You collected 110 gold pieces.

Inventory:

Hand Weapons
 a - a +0 short sword (weapon)
Armour
 b - a +0 leather armour (worn)
Wands
 f - a wand of digging (5)
Scrolls
 h - 2 scrolls of teleportation
 i - a scroll of noise
Potions
 d - a potion of lignification {unknown}
 j - a potion of might


   Skills:
 - Level 2.0 Fighting
 + Level 3.3 Short Blades
 - Level 0.8 Throwing
 - Level 0.7 Armour
 - Level 1.5 Dodging
 + Level 8.3 Stealth
 - Level 2.0 Spellcasting
 - Level 3.0 Translocations


You had 4 spell levels left.
You knew the following spells:

 Your Spells              Type           Power      Damage    Failure   Level
a - Blink                 Tloc           18%        N/A       14%         2
b - Teleport Other        Tloc           9%         N/A       28%         3

Your spell library contained the following spells:

 Spells                   Type           Power      Damage    Failure   Level
 Gell's Gravitas          Tloc           9%         N/A       28%         3
 Lesser Beckoning         Tloc           9%         N/A       28%         3
 Manifold Assault         Tloc           9%         N/A       95%         5


Dungeon Overview and Level Annotations

Branches:
Dungeon (4/15)
 Temple: D:4-7

Altars:
Gozag
Trog


Innate Abilities, Weirdness & Mutations

Your serpentine skin is tough. (AC +2)
You have supernaturally acute eyesight. (SInv)
Armour fits poorly on your strangely shaped body.
Your system is resistant to poisons. (rPois)
You cover ground very slowly.
You can spit poison.
You have a snake-like lower body.


Message History

Blink to where?
Press: ? - help, Dir - move target
As you read the scroll of blinking, it crumbles to dust.
You feel better. The hound bites you but does no damage. The hound bites you.
The hound bites you.
* * * LOW HITPOINT WARNING * * *
A red film seems to cover your vision as you go berserk!
You feel yourself moving faster!
You feel mighty!
The hound bites you but does no damage. x2
You barely miss the hound. The hound completely misses you.
You closely miss the hound. You puncture the hound!
The hound is heavily wounded.
The hound bites you but does no damage.
You puncture the hound!
You kill the hound!
The orc hits you with a +0 hand axe.
* * * LOW HITPOINT WARNING * * *
The iguana bites you!
* * * LOW HITPOINT WARNING * * *
You see here a hound corpse.
You completely miss the orc. The orc barely misses you.
You puncture the orc!
You kill the orc!
The iguana bites you.
* * * LOW HITPOINT WARNING * * *
You puncture the iguana!
The iguana is severely wounded.
The iguana bites you.
* * * LOW HITPOINT WARNING * * *
You hit the iguana.
The iguana is severely wounded.
You hit the iguana.
You kill the iguana!
You puncture the orc!
The orc is almost dead.
The orc hits you with a +0 hand axe.
You die...

### #.. #.# #.#
############## #.#
...........).###.#
..............##@#
..$........lo..#o#
o.:...)......#o.o#
.#########..###..#
.# #..## ##..# .##
#..# ##... ..##
...# #.... ...#
...# #....
.#l#...# #...


You could see 2 orcs.

Vanquished Creatures
  An ogre (D:3)
  A hound (D:4)
  An iguana (D:4)
  6 adders
  A howler monkey skeleton (D:3)
  A worm (D:3)
  A dart slug (D:3)
  2 orcs
  4 bats
  5 endoplasms
  5 giant cockroaches
  4 goblins
  4 hobgoblins
  4 jackals (D:1)
  6 kobolds
  3 quokkas (D:1)
  10 ball pythons
  3 frilled lizards
  5 rats
67 creatures vanquished.

Vanquished Creatures (others)
  3 fungi (D:4)
  4 toadstools (D:1)
7 creatures vanquished.

Grand Total: 74 creatures vanquished

Notes
Turn   | Place    | Note
-------+----------+-------------------------------------------
     0 | D:1      | Shayle the Naga Warper began the quest for the Orb.
     0 | D:1      | Reached XP level 1. HP: 19/19 MP: 3/3
    67 | D:1      | Reached skill level 1 in Stealth
   330 | D:1      | Reached skill level 2 in Stealth
   334 | D:1      | Found a faded altar of an unknown god.
   382 | D:1      | Reached XP level 2. HP: 26/26 MP: 5/5
   408 | D:1      | Reached skill level 3 in Stealth
   865 | D:1      | Reached skill level 4 in Stealth
  1011 | D:1      | Reached XP level 3. HP: 11/32 MP: 6/6
  1813 | D:2      | Found a bloodstained altar of Trog.
  1850 | D:2      | Reached skill level 5 in Stealth
  1976 | D:2      | Learned a level 2 spell: Blink
  1980 | D:2      | Learned a level 3 spell: Teleport Other
  2149 | D:2      | Reached XP level 4. HP: 38/39 MP: 7/7
  2194 | D:2      | Reached skill level 6 in Stealth
  2864 | D:3      | Found an opulent altar of Gozag.
  3126 | D:3      | Reached skill level 7 in Stealth
  3152 | D:3      | Noticed an ogre
  3234 | D:3      | Reached XP level 5. HP: 45/45 MP: 8/8
  3318 | D:3      | Killed an ogre
  3887 | D:4      | Noticed an ogre
  3913 | D:4      | Reached skill level 8 in Stealth
  3950 | D:4      | Reached XP level 6. HP: 15/52 MP: 9/9
  3967 | D:4      | HP: 1/78 [iguana (6)]
  3970 | D:4      | Slain by an orc

Illustrated notes

Levels and vault maps discovered:
D:1:      ldierk_water_garden, layout_basic,
          hellmonk_ecumenical_altar_crossroads
D:2:      layout_rooms, basic_altar, grunt_ministairs_11
D:3:      minmay_angry_zag, layout_loops_cross, grunt_gozag_breadcrumbs
D:4:      layout_basic, mainiacjoe_overflow_alcove_4, overflow_temple_1_default,
          mainiacjoe_overflow_concentric_impassable, fedhas_altar_2,
          grunt_dithmenos_smoke, gammafunk_ghost_arena,
          nicolae_ossuary_entry_giza, minmay_gold_behind_fungi

Skill      XL: |  1  2  3  4  5 |
---------------+----------------+-----
Stealth        | 2 4 5 7 8 |  8.3
Short Blades   | 3 |  3.3
Fighting       | |  2.0
Throwing       | |  0.8
Armour         | |  0.7
Dodging        | |  1.5
Spellcasting   | |  2.0
Translocations | |  3.0

Action                   |  1- 3 |  4- 6 || total
-------------------------+-------+-------++-------
Melee: Short sword       |    91 |    77 ||   168
Throw: Boomerang         |     1 |     4 ||     5
 Abil: Spit Poison       |    42 |    19 ||    61
  Use: Scroll            |       |     9 ||     9
       Potion            |       |     2 ||     2
 Stab: Sleeping          |       |     2 ||     2
Armor: Leather armour    |    28 |    25 ||    53
Dodge: Dodged            |    50 |    28 ||    78

Table legend: (Time is in decaauts)
 A = Elapsed time spent in this place.
 B = Non-inter-level travel time spent in this place.
 C = Inter-level travel time spent in this place.
 D = Time resting spent in this place.
 E = Time spent auto-exploring this place.
 F = Levels seen in this place.
 G = Mean time per level.
                   A        B        C        D        E       F      G
               +--------+--------+--------+--------+--------+-----+--------+
         Total |   4629 |   4442 |    187 |    826 |   2633 |   4 | 1157.2 |
       Dungeon |   4629 |   4442 |    187 |    826 |   2633 |   4 | 1157.2 |
               +--------+--------+--------+--------+--------+-----+--------+

Top non-repeatable levels by time:
     D:1: 1911 daAuts
     D:3: 1736 daAuts
     D:2: 885 daAuts
     D:4: 95 daAuts
